 Dungeon Crawl Stone Soup version 0.28-a0-479-g5baa6b73be (webtiles) character file.

Game seed: 16420197974004515639

72 spiderkeys the Skirmisher (level 4, 0/29 HPs)
             Began as a Kobold Abyssal Knight on Sept 18, 2021.
             Was a Believer of Lugonu.
             Shot with an arrow by a centaur (7 damage)
             ... on level 5 of the Dungeon.
             The game lasted 00:03:51 (1757 turns).

spiderkeys the Skirmisher (Kobold Abyssal Knight)   Turns: 1757, Time: 00:03:52

Health: 0/29       AC:  6    Str:  9    XL:     4   Next: 48%
Magic:  5/5        EV: 14    Int: 13    God:    Lugonu [**....]
Gold:   77         SH:  0    Dex: 15    Spells: 3/3 levels left

rFire   . . .      SeeInvis .   a - +1 short sword
rCold   . . .      Faith    .   (shield restricted)
rNeg    . . .      Spirit   .   b - +1 leather armour
rPois   .          Reflect  .   (no helmet)
rElec   .          Harm     .   (no cloak)
rCorr   .          Rampage  .   f - +1 pair of gloves
Will    .....                   (no boots)
Stlth   +++.......              (no amulet)
HPRegen 0.09/turn               (no ring)
MPRegen 0.09/turn               (no ring)

@: no status effects
A: small, no large weapons, nightstalker 3, low mp 1, MP-powered wands
a: Renounce Religion, Depart the Abyss, Bend Space


You were on level 5 of the Dungeon.
You worshipped Lugonu.
Lugonu was pleased with you.
You visited 1 branch of the dungeon, and saw 4 of its levels.
You visited the Abyss 1 time.

You collected 77 gold pieces.


Innate Abilities, Weirdness & Mutations

You are small and have problems with some larger weapons.
You are completely attuned to the shadows.
Your magical capacity is low. (-10% MP)
You expend magic power (3 MP) to strengthen your wands.


   Skills:
 + Level 3.8 Fighting
 + Level 3.5 Short Blades
 - Level 0.7 Armour
 + Level 3.1 Dodging
 + Level 2.0 Stealth
 + Level 2.8 Invocations


You had 3 spell levels left.
You didn't know any spells.
Your spell library contained the following spells:

 Spells                   Type           Power      Damage    Failure   Level
 Olgreb's Toxic Radiance  Pois           0%         N/A       99%         4
 Ozocubu's Refrigeration  Ice            0%         4d5       100%        7
 Ignition                 Fire           0%         3d3       100%        8

Inventory:

Hand Weapons
 a - a +1 short sword (weapon)
Missiles
 d - 31 arrows
 e - 101 stones
 h - 7 poisoned darts
Armour
 b - a +1 leather armour (worn)
 f - a +1 pair of gloves (worn)
   (You found it on level 1 of the Abyss)
Potions
 c - a potion of flight

Dungeon Overview and Level Annotations

Branches:
Dungeon (3/15)

Altars:
Sif Muna

Annotations:
D:5 Grinder

#..### #..# #..# #hh#
........# #..# .........#
#..### ...(......# #....#
#..........# #.....
#......@...# #####n
#........### ## #..c.r...#
# ###.###.# ## #h..#.#
######. #######h..#.#
##...... #..h........#
##.......
#.####.####.#######...##...
#.##.....##.#........####..


You could see a centaur, a hound and a quokka.


Message History

You take 2 damage, and now have 16/29 hp.
The hound bites you but does no damage. The hound misses you.
The hound bites you.
* * * LOW HITPOINT WARNING * * *
😨 HP[-5]
You take 5 damage, and now have 11/29 hp.
The hound bites you.
* * * LOW HITPOINT WARNING * * *
😨 HP[-1]
You take 1 damage, and now have 10/29 hp. 😨 HP[+1]
The hound barely misses you.
You feel better. The hound barely misses you.
The hound closely misses you. 😕 HP[+11]
You regained 11 hp, and now have 22/29 hp.
The hound closely misses you. The hound bites you. 😮 HP[-5]
You take 5 damage, and now have 17/29 hp.
The hound bites you but does no damage. The hound bites you. 😮 HP[-2]
You take 2 damage, and now have 15/29 hp.
The hound skeleton closely misses you. The adder bites you but does no damage.
The hound closely misses you. The hound barely misses you.
The hound closely misses you. 😮 HP[+1]
The hound closely misses you. The adder barely misses you.
The hound barely misses you. The hound completely misses you.
The adder barely misses you. The hound bites you but does no damage.
The hound bites you.
* * * LOW HITPOINT WARNING * * *
😨 HP[-4]
You take 4 damage, and now have 12/29 hp.
Found a shimmering blue altar of Sif Muna.
The adder barely misses you. 😨 HP[+1]
The hound stops to sniff the ground.
The hound barely misses you. The hound bites you.
* * * LOW HITPOINT WARNING * * *
😨 HP[-4]
You take 4 damage, and now have 9/29 hp.
The howler monkey hoots and howls with incredible vigour!
You hear a shout!
The howler monkey hoots and howls with incredible vigour!
The hound closely misses you.
You feel better. The hound misses you. The hound bites you.
* * * LOW HITPOINT WARNING * * *
😨 HP[+4]
You regained 4 hp, and now have 13/29 hp.
The hound barely misses you. 😨 HP[+1]
The hound bites you but does no damage. The hound barely misses you.
The hound closely misses you. The hound barely misses you. The hound bites you.
* * * LOW HITPOINT WARNING * * *
😨 HP[-2]
You take 2 damage, and now have 12/29 hp.
The hound barely misses you.
You see here a potion of flight.
The hound misses you. 😨 HP[+1]
The hound barely misses you. The hound closely misses you.
The hound stops to sniff the ground.
The hound completely misses you.
The hound pauses to sniff the ground.
The hound bites you.
* * * LOW HITPOINT WARNING * * *
😨 HP[-2]
You take 2 damage, and now have 11/29 hp.
The howler monkey hoots and howls with incredible vigour!
The hound bites you but does no damage. 😨 HP[+1]
The hound bites you.
* * * LOW HITPOINT WARNING * * *
😨 HP[-4]
You take 4 damage, and now have 8/29 hp.
The howler monkey hoots and howls with incredible vigour!
The hound bites you but does no damage.
You hear a shout!
A quokka comes into view.
A centaur comes into view.
The quokka completely misses you.
The hound stops to sniff the ground.
The hound bites you.
* * * LOW HITPOINT WARNING * * *
😱 HP[-2]
You take 2 damage, and now have 6/29 hp.
The quokka barely misses you.
Unknown command. 😱 HP[+1]
The centaur shouts!
The centaur wields a +0 shortbow.
The centaur shoots an arrow.
The arrow hits you!
You die...

Skill      XL: |  1  2  3  4 |
---------------+-------------+-----
Short Blades   | 3 |  3.5
Stealth        | 1 2 |  2.0
Dodging        | 3 |  3.1
Fighting       | |  3.8
Armour         | |  0.7
Invocations    | |  2.8

Action                   |  1- 3 |  4- 6 || total
-------------------------+-------+-------++-------
Melee: Short sword       |   111 |    25 ||   136
Invok: Depart the Abyss  |     1 |       ||     1
       Bend Space        |       |     1 ||     1
  Use: Scroll            |     2 |       ||     2
       Potion            |     6 |     2 ||     8
 Stab: Sleeping          |    15 |     3 ||    18
Armor: Leather armour    |    25 |    23 ||    48
Dodge: Dodged            |    78 |    71 ||   149

Levels and vault maps discovered:
D:1:      erik_arrival_triangle_medium, layout_basic,
          dreamdust_ecumenical_altar_drowned_temple, st_stairs_1
D:2:      layout_rooms
D:3:      layout_basic
D:5:      layout_rooms, mainiacjoe_overflow_brackets, old_standard_altar,
          nicolae_sextant, uniq_grinder, uniq_duvessa, uniq_ijyb

Notes
Turn   | Place    | Note
-------+----------+-------------------------------------------
     0 | Abyss:1  | spiderkeys the Kobold Abyssal Knight began the quest for
                  | the Orb.
     0 | Abyss:1  | Reached XP level 1. HP: 14/14 MP: 2/2
     0 | Abyss:1  | magus.rc [v1.9.10]
    29 | Abyss:1  | Found a corrupted altar of Lugonu.
    38 | Abyss:1  | You add the spells Olgreb's Toxic Radiance, Ozocubu's
                  | Refrigeration and Ignition to your library.
    43 | Abyss:1  | Noticed a small abomination
    91 | Abyss:1  | Noticed a bone dragon
   103 | Abyss:1  | Noticed a large abomination
   131 | Abyss:1  | Noticed a demonic crawler
   135 | D:1      | You pass through the gate.
   135 | D:1      | Escaped the Abyss
   401 | D:1      | Reached XP level 2. HP: 18/19 MP: 3/3
   421 | D:1      | Reached * piety under Lugonu
   508 | D:1      | Reached skill level 3 in Short Blades
   688 | D:1      | Reached skill level 1 in Stealth
   714 | D:1      | Reached XP level 3. HP: 23/23 MP: 4/4
   780 | D:1      | Found a faded altar of an unknown god.
   987 | D:1      | Gained mutation: Your magical capacity is low. (-10% MP)
                  | [potion of mutation]
   987 | D:1      | Gained mutation: You expend magic power (3 MP) to
                  | strengthen your wands. [potion of mutation]
  1095 | D:2      | Reached skill level 3 in Dodging
  1221 | D:2      | Reached ** piety under Lugonu
  1324 | D:2      | Reached XP level 4. HP: 27/29 MP: 5/5
  1557 | D:3      | You fall into a shaft and drop 2 floors!
  1557 | D:5      | Entered Level 5 of the Dungeon
  1557 | D:5      | Noticed a necrophage
  1588 | D:5      | Noticed Grinder
  1634 | D:5      | Reached skill level 2 in Stealth
  1710 | D:5      | Found a shimmering blue altar of Sif Muna.
  1754 | D:5      | Noticed a centaur
  1754 | D:5      | HP: 6/29 [hound (2)]
  1757 | D:5      | Shot with an arrow by a centaur

Vanquished Creatures
  2 adders
  A worm (D:2)
  2 bats (D:1)
  3 endoplasms
  5 giant cockroaches
  A goblin (D:2)
  7 hobgoblins
  4 kobolds (D:1)
  4 quokkas
  5 ball pythons
  8 frilled lizards
  6 rats (D:1)
  A spectral hobgoblin (D:1)
49 creatures vanquished.

Table legend:
 A = Non-vault XP
 B = Vault XP
 C = Vault XP percentage of total XP
 D = Non-vault monster count
 E = Vault monster count
 F = Vault count percentage of total count
                 A         B        C        D         E       F
            +---------+---------+-------+---------+---------+-------
      Total |      99 |       4 |   3.9 |      46 |       3 |   6.1
            +---------+---------+-------+---------+---------+-------
        D:1 |      39 |       4 |   9.3 |      27 |       3 |  10.0
        D:2 |      29 |       0 |   0.0 |      15 |       0 |   0.0
        D:3 |      17 |       0 |   0.0 |       3 |       0 |   0.0
        D:5 |      14 |       0 |   0.0 |       1 |       0 |   0.0
            +---------+---------+-------+---------+---------+-------

Illustrated notes

Table legend:
 A = Kills in this place as a percentage of kills in entire the game.
 B = Kills by you in this place as a percentage of kills by you in the entire game.
 C = Kills by friends in this place as a percentage of kills by friends in the entire game.
 D = Other kills in this place as a percentage of other kills in the entire game.
 E = Experience gained in this place as a percentage of experience gained in the entire game.
 F = Experience gained in this place divided by the number of levels of this place that you have seen.
                   A       B       C       D       E      F
               +-------+-------+-------+-------+-------+----------------------
         Total | 100.0 | 100.0 |   N/A |   N/A | 100.0 |  20.6
       Dungeon | 100.0 | 100.0 |   N/A |   N/A | 100.0 |  25.8
               +-------+-------+-------+-------+-------+----------------------

Table legend: (Time is in decaauts)
 A = Elapsed time spent in this place.
 B = Non-inter-level travel time spent in this place.
 C = Inter-level travel time spent in this place.
 D = Time resting spent in this place.
 E = Time spent auto-exploring this place.
 F = Levels seen in this place.
 G = Mean time per level.
                   A        B        C        D        E       F      G
               +--------+--------+--------+--------+--------+-----+--------+
         Total |   1753 |   1703 |     50 |      0 |   1155 |   5 |  350.6 |
       Dungeon |   1618 |   1568 |     50 |      0 |   1095 |   4 |  404.5 |
         Abyss |    135 |    135 |      0 |      0 |     60 |   1 |  135.0 |
               +--------+--------+--------+--------+--------+-----+--------+

Top non-repeatable levels by time:
     D:1: 888 daAuts
     D:2: 496 daAuts
     D:5: 199 daAuts
 Abyss:1: 135 daAuts
     D:3: 34 daAuts
